 Dungeon Crawl Stone Soup version 0.25-a0-576-g50b708a4c4 (webtiles) character file.

Game seed: 1464877045045099022, levelgen mode: deterministic

450 Flugslaktarn the Chopper (level 6, 0/57 HPs)
             Began as a Deep Dwarf Fighter on Mar 1, 2020.
             Killed from afar by an orc wizard (3 damage)
             ... with a puff of flame
             ... on level 5 of the Dungeon.
             The game lasted 00:01:31 (2048 turns).

Flugslaktarn the Chopper (Deep Dwarf Fighter)       Turns: 2048, Time: 00:01:31

Health: 0/57       AC:  7    Str: 22    XL:     6   Next: 74%
Magic:  5/5        EV:  7    Int:  8    God:
Gold:   61         SH: 10    Dex: 12    Spells: 5/5 levels left

rFire    . . .     SeeInvis .   a - +0 war axe
rCold    . . .     Gourm    .   c - +0 kite shield
rNeg     . . .     Faith    .   b - +0 scale mail
rPois    .         Spirit   .   (no helmet)
rElec    .         Reflect  .   (no cloak)
rCorr    .         Harm     .   (no gloves)
MR       .....                  (no boots)
Stlth    ..........             (no amulet)
HPRegen  0.00/turn              (no ring)
MPRegen  0.09/turn              (no ring)

@: non-regenerating
A: damage resistance, heal wounds, sense surroundings 1, no regeneration
a: Heal Wounds


You were on level 5 of the Dungeon.
You were not hungry.

You visited 1 branch of the dungeon, and saw 5 of its levels.

You collected 124 gold pieces.
You spent 63 gold pieces at shops.

Inventory:

Hand Weapons
 a - a +0 war axe (weapon)
Armour
 b - a +0 scale mail (worn)
 c - a +0 kite shield (worn)
Jewellery
 g - an uncursed ring of positive energy {unknown}
   (You found it on level 1 of the Dungeon)
 i - a cursed ring of attention {unknown}
   (You found it on level 4 of the Dungeon)
 j - an uncursed ring of see invisible {unknown}
   (You found it on level 4 of the Dungeon)
Scrolls
 k - a scroll of enchant weapon
 r - a scroll of identify
 t - a scroll of teleportation
 w - 2 scrolls of remove curse
 z - a scroll of blinking
Potions
 d - a potion of might
 f - a potion of curing {unknown}
 h - a potion of heal wounds {unknown}
 m - a potion of stabbing {unknown}
Comestibles
 e - 9 rations
 l - 3 chunks of flesh


   Skills:
 + Level 3.9 Fighting
 * Level 5.3 Axes
 + Level 4.7 Armour
 + Level 4.8 Shields


You had 5 spell levels left.
You didn't know any spells.
Your spell library was empty.

Dungeon Overview and Level Annotations

Branches:
Dungeon (5/15)
 Temple: D:4-7

Altars:
Hepliaklqana
Kikubaaqudgha
Qazlal
Trog
Uskayaw

Shops:
D:4 **

Annotations:
D:5 3 runed translucent doors, bmj180's ghost, novice MiFi


Innate Abilities, Weirdness & Mutations

You are resistant to damage.
You can heal yourself by infusing magical energy.
You passively map a small area around you.
You do not regenerate.


Message History

The orc wizard hits you but does no damage.
You slash the orc wizard!
The orc wizard is severely wounded.
You slash the orc wizard! The orc wizard barely misses you.
The orc wizard hits you but does no damage.
The orc wizard casts a cantrip, but nothing happens.
You barely miss the orc wizard.
The orc wizard is severely wounded.
You hit the orc wizard.
The orc wizard grunts noisily.
The orc wizard casts a spell at you. The puff of frost hits you!
The orc wizard gestures at you while chanting.
The magic dart hits you but does no damage.
The orc priest invokes the aid of Beogh against you.
Beogh smites you!
* * * LOW HITPOINT WARNING * * *
The orc wizard casts a spell at you. The puff of flame hits you.
You die...

, * * , , , ,, ##### ,*
, ..... , ** #..# #### ,
,, #..# # #### #..# ...,
..# #..# ##...####.##
#..# , ....ooo@...#
#.######## ,
....o#o##..####.........
###* #. #..†.....#######
* ............##
######.......# , ,
...)......# ###
#########.# #.. * *.#
#.# .# #.#


You could see an orc priest, 2 orc wizards and 2 orcs.

Vanquished Creatures
  An ogre (D:4)
  A scorpion (D:5)
  A hound (D:4)
  A jelly (D:4)
  An iguana (D:4)
  3 worker ants
  7 gnolls
  4 adders
  A dart slug (D:2)
  4 leopard geckos
  2 bats
  6 giant cockroaches
  3 hobgoblins
  8 jackals
  A quokka (D:4)
  2 frilled lizards
  5 goblins
  3 kobolds
  3 rats (D:2)
57 creatures vanquished.

Notes
Turn   | Place    | Note
-------+----------+-------------------------------------------
     0 | D:1      | Flugslaktarn the Deep Dwarf Fighter began the quest for the
                  | Orb.
     0 | D:1      | Reached XP level 1. HP: 20/20 MP: 1/1
   184 | D:2      | Found an ancient bone altar of Kikubaaqudgha.
   184 | D:2      | Found a bloodstained altar of Trog.
   239 | D:2      | Reached XP level 2. HP: 27/27 MP: 2/2
   331 | D:2      | Found a hazy altar of Hepliaklqana.
   648 | D:2      | Reached skill level 3 in Axes
   659 | D:2      | Reached XP level 3. HP: 34/34 MP: 3/3
   677 | D:2      | Reached XP level 4. HP: 40/42 MP: 4/4
  1247 | D:4      | Reached skill level 4 in Axes
  1247 | D:4      | Reached XP level 5. HP: 24/49 MP: 4/4
  1302 | D:4      | Found Xahoh's Assorted Antiques.
  1314 | D:4      | Bought a scroll labeled GIYSSE DIPP for 21 gold pieces
  1314 | D:4      | Bought a scroll labeled AQOFOF QIZE for 21 gold pieces
  1314 | D:4      | Bought a scroll labeled FELIYD NUZEME for 21 gold pieces
  1369 | D:5      | Entered Level 5 of the Dungeon
  1411 | D:4      | Found Nabamm's Assorted Antiques.
  1451 | D:4      | Found a hide-covered altar of Uskayaw.
  1456 | D:4      | Noticed an ogre
  1464 | D:4      | Killed an ogre
  1464 | D:4      | Reached XP level 6. HP: 25/56 MP: 5/5
  1584 | D:4      | Found a stormy altar of Qazlal.
  1806 | D:4      | Reached skill level 5 in Axes
  1941 | D:5      | Found a runed translucent gate.
  1941 | D:5      | Found a runed translucent gate.
  1941 | D:5      | Found a runed translucent gate.
  1961 | D:5      | Noticed an ice beast
  1961 | D:5      | Noticed bmj180's ghost (novice MiFi)
  2048 | D:5      | Killed from afar by an orc wizard

Levels and vault maps discovered:
D:1:      ncdulo_halloftheorcs, layout_basic
D:2:      layout_loops_corners, nicolae_overflow_hidden_temple,
          gammafunk_temple_overflow_wave
D:3:      layout_loops_corners, first_ration
D:4:      layout_loops_cross, eat_drink_and_be_merry_uskayaw, serial_shops,
          nicolae_shop_trees, shop, grunt_qazlal_clouds
D:5:      layout_loops_ring, kennysheep_slug_shrine, gammafunk_ghost_icy

Skill      XL: |  1  2  3  4  5  6 |
---------------+-------------------+-----
Axes           | 3 4 5 |  5.3
Fighting       | 3 |  3.9
Armour         | 4 |  4.7
Shields        | 4 |  4.8

Action                   |  1- 3 |  4- 6 || total
-------------------------+-------+-------++-------
Melee: War axe           |    60 |   130 ||   190
 Abil: Heal Wounds       |       |     5 ||     5
  Use: Scroll            |       |     7 ||     7
  Eat: Chunk             |       |     4 ||     4
Armor: Scale mail        |    24 |    49 ||    73
Dodge: Dodged            |    16 |    46 ||    62
Block: Kite shield       |    17 |    72 ||    89

Table legend:
 A = Non-vault XP
 B = Vault XP
 C = Vault XP percentage of total XP
 D = Non-vault monster count
 E = Vault monster count
 F = Vault count percentage of total count
                 A         B        C        D         E       F
            +---------+---------+-------+---------+---------+-------
      Total |     644 |       0 |   0.0 |      57 |       0 |   0.0
            +---------+---------+-------+---------+---------+-------
        D:1 |       4 |       0 |   0.0 |       4 |       0 |   0.0
        D:2 |      96 |       0 |   0.0 |      24 |       0 |   0.0
        D:3 |      47 |       0 |   0.0 |      12 |       0 |   0.0
        D:4 |     373 |       0 |   0.0 |      14 |       0 |   0.0
        D:5 |     124 |       0 |   0.0 |       3 |       0 |   0.0
            +---------+---------+-------+---------+---------+-------
